 Dungeon Crawl Stone Soup version 0.24.0-37-gcf1ca852f1 (webtiles) character file.

Game seed: 3943919971206336061, levelgen mode: deterministic

1080 Emblim88 the Vandal (level 8, -2/42 HPs)
             Began as a Spriggan Hunter on Dec 5, 2019.
             Was an Initiate of Dithmenos.
             Slain by a river rat (9 damage)
             ... summoned by Eustachio
             ... on level 5 of the Dungeon.
             The game lasted 00:11:09 (7269 turns).

Emblim88 the Vandal (Spriggan Hunter)               Turns: 7269, Time: 00:11:11

Health: -2/42      AC:  2    Str:  8    XL:     8   Next: 8%
Magic:  9/9        EV: 25    Int: 13    God:    Dithmenos [......]
Gold:   251        SH:  0    Dex: 22    Spells: 7/7 levels left

rFire    . . .     SeeInvis +   a - +1 hunting sling
rCold    . . .     Gourm    .   (shield restricted)
rNeg     . . .     Faith    .   c - +0 robe
rPois    .         Spirit   .   (helmet restricted)
rElec    .         Reflect  .   (no cloak)
rCorr    .         Harm     .   (gloves unavailable)
MR       +....                  (boots unavailable)
Stlth    ++++......             (no amulet)
HPRegen  0.14/turn              j - ring of flight
MPRegen  0.11/turn              o - +4 ring of dexterity

@: very quick
A: very small, unfitting armour, see invisible, herbivore, speed 3, slow
metabolism 2
a: Renounce Religion, Evoke Flight


You were on level 5 of the Dungeon.
You worshipped Dithmenos.
Dithmenos was noncommittal.
You were hungry.

You visited 2 branches of the dungeon, and saw 6 of its levels.

You collected 251 gold pieces.

Inventory:

Hand Weapons
 a - a +1 hunting sling (weapon)
 b - a +0 short sword
 h - a +1 dagger of draining
 B - a +2 antimagic dagger
Missiles
 g - 99 stones (quivered)
 s - 11 poisoned darts
Armour
 c - a +0 robe (worn)
Jewellery
 j - a ring of flight (left hand)
 o - a +4 ring of dexterity (right hand)
 p - an uncursed ring of see invisible
 v - a cursed -3 ring of strength {unknown}
 z - an uncursed amulet of harm {unknown}
Wands
 A - a wand of polymorph (6)
 C - a wand of digging (4)
Scrolls
 e - 2 scrolls of immolation
 i - 2 scrolls of remove curse {unknown}
 k - 3 scrolls of identify
 n - a scroll of teleportation
 q - 2 scrolls of enchant armour
 r - a scroll of fear
 u - a scroll of magic mapping {unknown}
 w - a scroll of random uselessness {unknown}
 x - a scroll of enchant weapon {unknown}
 D - a scroll of fog {unknown}
Potions
 d - 3 potions of lignification {unknown}
 l - 2 potions of agility
 m - 4 potions of cancellation {unknown}
 t - a potion of heal wounds {unknown}
Comestibles
 f - 3 rations


   Skills:
 + Level 4.1 Fighting
 + Level 7.5 Slings
 + Level 7.3 Dodging
 + Level 7.4 Stealth


You had 7 spell levels left.
You didn't know any spells.
Your spell library contained the following spells:

 Spells                   Type           Power        Failure   Level  Hunger
 Animate Skeleton         Necr           N/A          30%         1    ##.....
 Apportation              Tloc           #.....       30%         1    ##.....
 Confusing Touch          Hex            #.....       30%         1    ##.....
 Summon Small Mammal      Summ           #...         30%         1    ##.....


Dungeon Overview and Level Annotations

Branches:
Dungeon (5/15)             Temple (1/1) D:5

Altars:
Cheibriados
Dithmenos
Elyvilon
Fedhas
Hepliaklqana
Kikubaaqudgha
Nemelex Xobeh
Okawaru
Qazlal
Ru
Trog
Uskayaw
Vehumet
Yredelemnul
Zin

Annotations:
D:4 Sigmund
D:5 Eustachio


Innate Abilities, Weirdness & Mutations

You are very small and have problems with some larger weapons.
You are too small for most types of armour.
You have supernaturally acute eyesight. (SInv)
You are a herbivore.
You cover ground extremely quickly.
You need to consume almost no food.


Message History

Firing (i - inventory. (/) - cycle)
g - 101 stones (quivered)
Press: ? - help, Shift-Dir - straight line, f/p - Eustachio
Aim: Eustachio, wielding a +0 rapier and wearing a +0 leather armour (severely wounded)
You shoot a stone.
The stone hits Eustachio but does no damage.
Eustachio is severely wounded.
The bat misses you.
Eustachio mumbles some strange words.
The river rat barely misses you.
Firing (i - inventory. (/) - cycle)
g - 100 stones (quivered)
Press: ? - help, Shift-Dir - straight line, f/p - Eustachio
Aim: Eustachio, wielding a +0 rapier and wearing a +0 leather armour (severely wounded)
You shoot a stone. The stone hits the white imp.
The white imp is moderately wounded.
The bat disappears in a puff of smoke!
The white imp gestures at you. The puff of frost hits you!
* * * LOW HITPOINT WARNING * * *
The river rat bites you!
You die...

#......##......#.......# ##
######.........[.......# #
#....##................####
######.##.........).......).....
##.......(..#.r.r..).........####
#............(b.................#
..........(...(@..)..............
.........((....5)..........)..<..
.........(.((((5@)..........#.#..
.........(....#§r...........#...#
..................###.###...#....
#.............##....#..........#.
##......@...#.###.#...##...###...
######(#####...........(.(......
#.# #.....###..(....##... .(.
#.....##..###(..###.. .....
####...#......(......


You could see Eustachio, a river rat, 2 white imps, a quokka, a bat and a rat.

Vanquished Creatures
  Duvessa (D:5)
  An ogre (D:4)
  A scorpion (D:4)
  Dowan (D:5)
  A howler monkey (D:4)
  A vampire bat (D:4)
  2 bullfrog zombies (D:5)
  A crimson imp (D:4)
  3 hounds
  A quasit (D:5)
  2 orc priests (D:4)
  An iguana (D:5)
  5 orc wizards
  4 worker ants
  A hound skeleton (D:5)
  4 adders
  An ooze (D:2)
  2 worms (D:2)
  An adder skeleton (D:5)
  A dart slug (D:2)
  5 leopard geckos
  17 orcs
  4 giant cockroaches
  10 goblins
  9 hobgoblins
  5 jackals
  2 quokkas
  2 ball pythons
  17 bats
  4 frilled lizards
  5 kobolds
  11 rats
126 creatures vanquished.

Vanquished Creatures (others)
  4 toadstools (D:1)
4 creatures vanquished.

Grand Total: 130 creatures vanquished

Notes
Turn   | Place    | Note
-------+----------+-------------------------------------------
     0 | D:1      | Emblim88 the Spriggan Hunter began the quest for the Orb.
     0 | D:1      | Reached XP level 1. HP: 10/10 MP: 2/2
   201 | D:1      | Reached skill level 5 in Slings
   224 | D:1      | Reached XP level 2. HP: 15/15 MP: 3/3
   668 | D:1      | Reached XP level 3. HP: 18/18 MP: 4/4
  1045 | D:2      | Reached XP level 4. HP: 23/23 MP: 5/5
  1121 | D:2      | Found a radiant altar of Vehumet.
  2212 | D:3      | Reached XP level 5. HP: 27/27 MP: 6/6
  2592 | D:3      | Found a sparkling altar of Nemelex Xobeh.
  2835 | D:4      | Found a basalt altar of Yredelemnul.
  2979 | D:4      | Reached skill level 5 in Dodging
  3096 | D:4      | Found a bloodstained altar of Trog.
  3098 | D:4      | Found an iron altar of Okawaru.
  3380 | D:4      | Reached XP level 6. HP: 18/32 MP: 7/7
  3587 | D:4      | Reached skill level 5 in Stealth
  4305 | D:4      | Found a hazy altar of Hepliaklqana.
  4452 | D:4      | Reached XP level 7. HP: 36/36 MP: 8/8
  4825 | D:5      | Entered Level 5 of the Dungeon
  5218 | D:5      | Noticed Sigmund
  6049 | D:5      | Found a staircase to the Ecumenical Temple.
  6067 | Temple   | Entered the Ecumenical Temple
  6311 | Temple   | Became a worshipper of Dithmenos the Shadowed
  6668 | D:5      | Noticed Dowan
  6678 | D:5      | Killed Dowan
  6679 | D:5      | Noticed Duvessa
  7081 | D:5      | Killed Duvessa
  7081 | D:5      | Reached XP level 8. HP: 32/42 MP: 9/9
  7221 | D:5      | Noticed Eustachio
  7269 | D:5      | Slain by a river rat

Levels and vault maps discovered:
D:1:      ldierk_walled_garden_2, layout_basic
D:2:      layout_loops_ring, vehumet_crystals
D:3:      layout_basic, nemelex_altar_shiori
D:4:      layout_basic, grunt_temple_overflow_bloody_war, kennysheep_mini_moat,
          lemuel_crystal_altar, first_ration, roderic_batcave
D:5:      layout_rooms, grunt_temple_overflow_champion_of_chaos,
          minmay_temple_entry_enclosed_plants, uniq_duvessa, uniq_sigmund,
          uniq_eustachio
Temple:   jpeg_temple_island

Skill      XL: |  1  2  3  4  5  6  7 |
---------------+----------------------+-----
Stealth        | 2 3 4 6 7 |  7.4
Slings         | 5 6 7 |  7.5
Fighting       | 2 3 4 |  4.1
Dodging        | 4 5 6 7 |  7.3

Action                   |  1- 3 |  4- 6 |  7- 9 || total
-------------------------+-------+-------+-------++-------
Melee: Short sword       |       |    18 |       ||    18
 Fire: Hunting sling     |   114 |   235 |   306 ||   655
  Use: Scroll            |       |     6 |     1 ||     7
       Potion            |       |       |     2 ||     2
  Eat: Ration            |       |       |     1 ||     1
Armor: Robe              |       |     6 |    10 ||    16
Dodge: Dodged            |     8 |    92 |   195 ||   295
